 Dungeon Crawl Stone Soup version 0.23-a0-844-gdc03e01 (console) character file.

6 bli the Charmwright (level 1, -2/10 HPs)
             Began as a Spriggan Skald on Jan 26, 2019.
             Slain by a kobold (4 damage)
             ... on level 1 of the Dungeon.
             The game lasted 00:01:08 (688 turns).

bli the Charmwright (Spriggan Skald)                 Turns: 688, Time: 00:01:09

Health: -2/10      AC:  2    Str:  7    XL:     1   Next: 75%
Magic:  2/5        EV: 18    Int: 14    God:
Gold:   3          SH:  4    Dex: 15    Spells: 4/5 levels left

rFire    . . .     SeeInvis +   a - +0 short sword
rCold    . . .     Gourm    .   (shield restricted)
rNeg     . . .     Faith    .   b - +0 robe
rPois    .         Spirit   .   (helmet restricted)
rElec    .         Reflect  +   (no cloak)
rCorr    .         Harm     .   (gloves unavailable)
MR       .....                  (boots unavailable)
Stlth    ++........             i - +4 amulet of reflection
HPRegen  0.03/turn              (no ring)
MPRegen  0.09/turn              (no ring)

@: infused, very quick
A: very small, unfitting armour, see invisible, herbivore, speed 3, slow
metabolism 2
a: no special abilities


You were on level 1 of the Dungeon.
You were not hungry.

You visited 1 branch of the dungeon, and saw 1 of its levels.

You collected 3 gold pieces.

Inventory:

Hand Weapons
 a - a +0 short sword (weapon)
Missiles
 c - 26 stones (quivered)
 f - 26 arrows
Armour
 b - a +0 robe (worn)
Jewellery
 i - a +4 amulet of reflection (around neck)
Scrolls
 e - 2 scrolls of amnesia {unknown}
 g - a scroll of immolation {unknown}
 h - a scroll of magic mapping {unknown}
Comestibles
 d - 2 rations


   Skills:
 - Level 1.5 Fighting
 * Level 2.8 Short Blades
 - Level 3.5 Dodging
 + Level 0.4 Stealth
 - Level 2.6 Spellcasting
 - Level 4.4 Charms


You had 4 spell levels left.
You knew the following spells:

 Your Spells              Type           Power        Failure   Level  Hunger
a - Infusion              Chrm           ##..         3%          1    #......

Your spell library contained the following spells:

 Spells                   Type           Power        Failure   Level  Hunger
 Song of Slaying          Chrm           ##......     5%          2    ###....
 Shroud of Golubria       Chrm/Tloc      #.........   14%         2    ###....
 Regeneration             Chrm/Necr      #.........   26%         3    ###....
 Spectral Weapon          Hex/Chrm       #.......     26%         3    ###....


Dungeon Overview and Level Annotations

Branches:
Dungeon (1/15)

Altars:


Innate Abilities, Weirdness & Mutations

You are very small and have problems with some larger weapons.
You are too small for most types of armour.
You have supernaturally acute eyesight. (SInv)
You are a herbivore.
You cover ground extremely quickly.
You need to consume almost no food.


Message History

You begin infusing your attacks with magical energy.
The frilled lizard hisses angrily.
You closely miss the kobold. The dart slug launches a dart at you.
The slug dart hits you. The kobold barely misses you.
You miss the frilled lizard.
The frilled lizard bites you but does no damage.
You block the kobold's attack.
You hit the frilled lizard!
You kill the frilled lizard!
The kobold closely misses you.
You see here a frilled lizard corpse.
You hit the dart slug.
The dart slug is severely wounded.
The dart slug bites you. The kobold hits you.
* * * LOW HITPOINT WARNING * * *
You barely miss the kobold. The kobold misses you.
You barely miss the kobold. The kobold completely misses you.
You closely miss the kobold. The kobold hits you.
You die...

## #### ...
...### .. ....#
.###.#.#.#
.......#.########
#....wK@.......#
##....#.######.#
##.#.#.# #.# ..
..#.# #.### ...
.....# #...# ##
#+##### ###.#
####.# ##....##
##......#
###.......##
+..........#


You could see a dart slug and a kobold.

Vanquished Creatures
  A goblin (D:1)
  2 hobgoblins (D:1)
  2 frilled lizards (D:1)
  A rat (D:1)
6 creatures vanquished.

Notes
Turn   | Place    | Note
-------+----------+-------------------------------------------
     0 | D:1      | bli the Spriggan Skald began the quest for the Orb.
     0 | D:1      | Reached XP level 1. HP: 10/10 MP: 5/5
   688 | D:1      | Slain by a kobold

Vault maps used:
D:1:      dpeg_arrival_castle

Action                   || total
-------------------------++-------
Melee: Short sword       ||    23
 Cast: Infusion          ||     3
 Stab: Sleeping          ||     1
Armor: Robe              ||     2
Dodge: Dodged            ||    10
Block: Other             ||     2

Table legend:
 A = Non-vault XP
 B = Vault XP
 C = Vault XP percentage of total XP
 D = Non-vault monster count
 E = Vault monster count
 F = Vault count percentage of total count
                 A         B        C        D         E       F
            +---------+---------+-------+---------+---------+-------
      Total |       9 |       0 |   0.0 |       6 |       0 |   0.0
            +---------+---------+-------+---------+---------+-------
        D:1 |       9 |       0 |   0.0 |       6 |       0 |   0.0
            +---------+---------+-------+---------+---------+-------
